Arrhythmia, chaotic female vampiric Convict ---- --... |....-- ----- -- |......--.|.- ----.-- --............--.....-- --------............-|...%...-- .......h(.......... --.......| -------------...........-----..)....| -..........<.......:R@_%%)%).....---- -...........^p......... ---......-------).| -- ---- -- |.......- -..| --....... ..--- -........ |.. .....(.... --- -.----.|.- -- ----- Arrhythmia the Jail-bird Experience level: 7 Strength: 16 Dexterity: 14 Constitution: 17 Intelligence: 9 Wisdom: 10 Charisma: 9 Health: 0(63) Energy: 41(41) AC: 4 Gold: 702 Moves: 2215 Your Inventory: Coins $ - 702 gold pieces Armor b - a cursed +0 striped shirt (being worn) p - a cursed -1 dwarvish mithril-coat (being worn) r - an [uncursed] +0 hooded cloak [dwarvish] (being worn) s - a cursed -2 pair of hard shoes [iron] (being worn) y - a cursed +0 crested helmet [helmet] (being worn) Scrolls g - 2 [uncursed] scrolls labeled KIRJE [of identify] h - an [uncursed] scroll labeled XIXAXA XOXAXA XUXAXA [of teleportation] i - an [uncursed] scroll labeled TEMOV [of remove curse] u - a [cursed] scroll labeled ELBIB YLOH [of charging] w - 2 [cursed] scrolls labeled KIRJE [of identify] z - an [uncursed] scroll labeled YUM YUM [of enchant weapon] Potions v - a [cursed] smoky potion [of object detection] x - a [cursed] pink potion [of booze] Rings j - a [cursed] ruby ring [of teleportation] t - a [cursed +2] opal ring [of increase damage] Wands n - a [cursed] wand of striking [0:5] Tools m - an [uncursed +0] pick-axe Iron balls c - an [uncursed] heavy iron ball (chained to you) (weapon in hand) Spells known in the end: Name Level Category Fail Memory Your skills at the end: Fighting Skills Weapon Skills sling [Basic / Skilled] Spellcasting Skills Final Attributes: You were devoutly aligned. Hunger level was 431. Your alignment was 19 / 21. Monster difficulty range was 1 - 9. Level difficulty was 11. You were immune to poison. You were immune to level-drain. You were immune to sickness. You were punished. You could fly. You could survive without air. You regenerated. Your luck was zero. You are dead. Vanquished creatures: a gnome king 2 soldier ants an imp a pony a shrieker a gnome lord 3 gnomish wizards 4 dwarves a kobold shaman 2 rothes a giant bat a werejackal an acid blob a hobbit 4 giant rats 2 cave spiders a yellow mold 20 gnomes a fox a kobold a goblin a sewer rat 6 grid bugs 2 lichens a newt 61 creatures vanquished. Voluntary challenges: You went without food. You never hit with a wielded weapon. You read items or engraved 2 times. You put on armor 8 times. You never genocided any monsters. You never polymorphed an object. You never changed form. You used no wishes. You abstained from Elbereth's help. You encountered 1 bones level. You never used any Sokoban shortcuts. Dungeon overview: The Dungeons of Doom: levels 1 to 4 Level 1 a long staircase Level 3 a potion shop Level 4 a jewelry store, a sink stairs to The Gnomish Mines The Gnomish Mines: levels 5 to 11 Level 5 stairs to The Dungeons of Doom Level 7 a temple to Tymora, a magic chest, some fountains Level 8 (I remember this) Level 11 <- You were here History has recorded: On T:1 you entered the Dungeons of Doom to retrieve the Amulet of Yendor! On T:296 you reached level 2 of The Dungeons of Doom. On T:333 you reached level 3 of The Dungeons of Doom. On T:709 you advanced to experience level 2. On T:869 you advanced to experience level 3. On T:896 you reached level 4 of The Dungeons of Doom. On T:899 you advanced to experience level 4. On T:1354 you advanced to experience level 5. On T:1659 you reached level 1 of The Gnomish Mines. On T:1666 you advanced to experience level 6. On T:1826 you reached level 2 of The Gnomish Mines. On T:1885 you advanced to experience level 7. On T:1919 you reached level 3 of The Gnomish Mines. On T:1961 you reached level 4 of The Gnomish Mines. On T:2171 you reached level 7 of The Gnomish Mines. Latest messages: [HP+1=49] You see here a gnome corpse. [HP+1=50] [HP+2=52] [2 turns] The disenchanter hits! [HP-10=42] You miss the disenchanter. (2x) The disenchanter hits! [HP-6=36] You miss the disenchanter. (2x) The disenchanter hits! (2x) [HP-15=21] [2 turns] You miss the disenchanter. (2x) The disenchanter hits! [HP-9=12] You miss the disenchanter. (2x) The disenchanter hits! [HP-8=4] You miss the disenchanter. (2x) The disenchanter hits! You die... Final status: Goodbye Arrhythmia the Convict... You died in The Gnomish Mines on dungeon level 11 with 3538 points, and 702 pieces of gold, after 2215 moves. You were level 7 with a maximum of 63 hit points when you died.